AoeStats
← killinserotonin

Arabia

511693615Analyzed
4v4 RM · 1mo ago on Oct 6, 2026· 40m 44s· 8 players
Game mode
Random Map
Map size
Large (8 player)
Population
200
Speed
Normal
Resources
Standard
Victory
Conquest
Starting age
Dark Age
Ending age
Imperial Age
RankedLock teamsTeams togetherTeam positionsShared explorationLock speedFull tech treeHidden civsTurbo modeCheats
Victory
Defeat
🇭🇰 Mongols · Hong Kong SAR China
1304
+11
🇦🇷 Malay · Argentina
1298
+11
🇲🇽 Dravidians · Mexico
1217
+15
🇨🇴 Turks · Colombia
1189
+15
vs
🇦🇷 Khmer · Argentina
1216
-14
🇨🇳 Tatars · China
1196
-13
🇺🇸 Maya · United States
1180
-13
1161
-12
rms_0489
7:06 Loom
9:50 Feudal Age
10:57 Double-Bit Axe
11:24 Horse Collar
21:30 Castle Age
19:59 Gold Mining
21:33 Fletching
22:22 Heavy Plow
22:20 Bodkin Arrow
24:03 Ballistics
23:25 Pikeman
24:17 Padded Archer Armor
25:20 Husbandry
29:28 Leather Archer Armor
30:38 Wheelbarrow
35:25 Hand Cart
37:29 Scale Barding Armor
40:18 Scale Mail Armor
seba_aof
10:43 Feudal Age
10:23 Loom
24:48 Castle Age
22:37 Double-Bit Axe
23:27 Forging
23:28 Horse Collar
23:40 Gold Mining
24:55 Scale Barding Armor
26:42 Iron Casting
27:44 Fletching
29:45 Husbandry
30:11 Heavy Plow
34:22 Bow Saw
38:58 Bodkin Arrow
41:33 Wheelbarrow
SantiGz
7:34 Loom
9:48 Feudal Age
10:18 Double-Bit Axe
11:04 Horse Collar
15:28 Bloodlines
16:31 Scale Barding Armor
22:03 Castle Age
20:12 Gold Mining
22:06 Forging
26:09 Bow Saw
28:39 Imperial Age
29:00 Chain Barding Armor
28:58 Forging
29:04 Husbandry
31:09 Plate Barding Armor
31:19 Heavy Plow
34:13 Iron Casting
37:27 Wheelbarrow
40:21 Two-Man Saw
40:50 Fletching
ocheda
2:37 Loom
9:21 Feudal Age
10:34 Double-Bit Axe
13:42 Town Watch
17:51 Bloodlines
23:25 Castle Age
36:36 Wheelbarrow
[ GMEX ] Uhtred the Uhtred
6:48 Loom
9:27 Feudal Age
14:17 Double-Bit Axe
16:52 Horse Collar
19:34 Scale Barding Armor
23:01 Castle Age
22:22 Bloodlines
24:11 Chain Barding Armor
23:58 Gold Mining
25:16 Bow Saw
28:34 Husbandry
30:32 Wheelbarrow
killinserotonin
8:36 Loom
10:55 Feudal Age
11:26 Double-Bit Axe
14:41 Fletching
20:44 Padded Archer Armor
23:20 Castle Age
23:26 Crossbowman
24:02 Bodkin Arrow
24:19 Bow Saw
24:57 Crossbowman
27:03 Leather Archer Armor
27:36 Wheelbarrow
28:44 Town Watch
29:39 Gold Mining
30:11 Hand Cart
34:13 Ballistics
IGBBMN
5:19 Loom
10:46 Feudal Age
27:42 Castle Age
28:55 Pikeman
YOU B4STARD!
10:54 Feudal Age
11:19 Loom
11:20 Man-at-Arms
26:18 Castle Age
24:29 Double-Bit Axe
25:00 Gold Mining
24:57 Horse Collar
27:00 Fletching
27:11 Padded Archer Armor
30:09 Husbandry
30:19 Bloodlines
32:09 Bodkin Arrow
34:18 Squires
33:38 Pikeman
Connection lost

Rejoining the realm…

Still unreachable

The connection could not be restored.

Session expired

The server has moved on; the page needs a fresh start.